 Dungeon Crawl Stone Soup version 0.21.1-1-g345015f (webtiles) character file.

53 tidbits the Insei (level 3, -1/28 HPs)
             Began as a Gnoll Transmuter on Feb 6, 2018.
             Slain by a kobold
             ... wielding a +0 dagger
              (4 damage)
             ... on level 2 of the Dungeon.
             The game lasted 00:03:48 (432 turns).

tidbits the Insei (Gnoll Transmuter)                 Turns: 432, Time: 00:03:48

Health: -1/28      AC:  2    Str: 12    XL:     3   Next: 89%
Magic:  3/9        EV: 23    Int: 16    God:
Gold:   93         SH:  0    Dex: 20    Spells: 6/12 levels left

rFire    . . .     SeeInvis .     - Unarmed
rCold    . . .     Gourm    .   (shield currently unavailable)
rNeg     . . .     Faith    .   (armour currently unavailable)
rPois    x         Spirit   .   (helmet currently unavailable)
rElec    .         Reflect  .   (cloak currently unavailable)
rCorr    .         Harm     .   (gloves currently unavailable)
MR       .....                  (boots currently unavailable)
Stlth    ++........             (no amulet)
HPRegen  0.09/turn              (no ring)
MPRegen  0.11/turn              (no ring)

@: spider-form, very slightly contaminated
A: tiny, distributed training, strong nose
a: End Transformation


You were on level 2 of the Dungeon.
You were not hungry.
You were a venomous arachnid creature.
You visited 1 branch of the dungeon, and saw 3 of its levels.

You collected 93 gold pieces.

Inventory:

Hand Weapons
 e - a +0 dagger
 l - a +2 whip of electrocution
   (You took it off an orc on level 2 of the Dungeon)
 n - a cursed -1 mace
Missiles
 a - 32 arrows
 h - 13 poisoned needles
 j - 7 tomahawks of dispersal (quivered) {!f}
Armour
 b - a +0 robe (melded)
 E - a +2 hat (melded)
Scrolls
 f - a scroll of fog
 i - a scroll of magic mapping
 k - a scroll of teleportation
Potions
 g - a potion of mutation {unknown}
 m - a potion of invisibility {unknown}
 p - a potion of magic
Books
 c - a book of Changes

   Spells                             Type                      Level
   a - Beastly Appendage              Transmutation                1
   b - Sticks to Snakes               Transmutation                2
   c - Spider Form                    Transmutation/Poison         3
   d - Ice Form                       Ice/Transmutation            4
   e - Blade Hands                    Transmutation                5
Comestibles
 d - 3 rations


   Skills:
 + Level 2.6 Fighting
 + Level 1.0 Short Blades
 + Level 1.0 Long Blades
 + Level 1.0 Axes
 + Level 1.0 Maces & Flails
 + Level 1.0 Polearms
 + Level 1.0 Staves
 + Level 1.0 Slings
 + Level 1.0 Bows
 + Level 1.0 Crossbows
 + Level 1.0 Throwing
 + Level 1.0 Armour
 + Level 4.6 Dodging
 + Level 1.0 Stealth
 + Level 1.0 Shields
 + Level 6.5 Unarmed Combat
 + Level 5.0 Spellcasting
 + Level 0.7 Conjurations
 + Level 0.7 Hexes
 + Level 0.7 Charms
 + Level 0.7 Summonings
 + Level 0.7 Necromancy
 + Level 0.7 Translocations
 + Level 3.8 Transmutations
 + Level 0.7 Fire Magic
 + Level 0.7 Ice Magic
 + Level 0.7 Air Magic
 + Level 0.7 Earth Magic
 + Level 0.7 Poison Magic
 + Level 1.0 Invocations
 + Level 1.0 Evocations


You had 6 spell levels left.
You knew the following spells:

 Your Spells              Type           Power        Failure   Level  Hunger
e - Beastly Appendage     Tmut           ###...       11%         1    None
k - Sticks to Snakes      Tmut           ###.....     14%         2    #......
p - Spider Form           Tmut/Pois      ##........   38%         3    ###....


Dungeon Overview and Level Annotations

Branches:
Dungeon (3/15)

Altars:
Elyvilon
Okawaru
Trog
Yredelemnul


Innate Abilities, Weirdness & Mutations

Your experience applies equally to all skills.
((You have very sharp teeth.))
Your uncanny sense of smell can sniff out nearby items.


Message History

Your transformation has ended.
Your +2 hat unmelds from your body.
Your +0 robe unmelds from your body.
Found a scroll of identify.
You open the door.
Found an iron altar of Okawaru and a bloodstained altar of Trog.
Unknown command.
Found a white marble altar of Elyvilon.
There is an open door here.
A goblin comes into view.
The goblin shouts!
You hear a shout!
The goblin moves out of view.
Found a coppery potion.
Casting: Spider Form
Confirm with . or Enter, or press ? or * to list all spells.
You turn into a venomous arachnid creature.
Your +2 hat melds into your body.
Your +0 robe melds into your body.
A hobgoblin comes into view. It is wielding an enchanted mace.
You bite the goblin!
You kill the goblin!
Unknown command.
Your transformation is almost over.
You see here a coppery potion.
m - a coppery potion
Casting: Spider Form
Confirm with . or Enter, or press ? or * to list all spells.
You miscast Sticks to Snakes.
You are very lightly contaminated with residual magic.
Nothing appears to happen.
You hit the hobgoblin.
The hobgoblin is poisoned.
The hobgoblin is heavily wounded.
The hobgoblin hits you with an enchanted mace.
* * * LOW HITPOINT WARNING * * *
You bite the hobgoblin!
You kill the hobgoblin!
Your Short Blades skill increases to level 1!
Your Long Blades skill increases to level 1!
Your Axes skill increases to level 1!
Your Maces & Flails skill increases to level 1!
Your Polearms skill increases to level 1!
Your Staves skill increases to level 1!
Your Slings skill increases to level 1!
Your Bows skill increases to level 1!
Your Crossbows skill increases to level 1!
Your Throwing skill increases to level 1!
Your Armour skill increases to level 1!
Your Stealth skill increases to level 1!
Your Shields skill increases to level 1!
Your Evocations skill increases to level 1!
Items here: ! $ ) ? an enchanted mace; a glowing sapphire potion; a scroll of identify 14 gold pieces
n - an enchanted mace;
o - a scroll of identify;
p - a glowing sapphire potion You now have 77 gold pieces (gained 14).
As you read the scroll of identify, it crumbles to dust.
p - a potion of magic Your transformation has ended.
Your +2 hat unmelds from your body.
Your +0 robe unmelds from your body.
Found a stone staircase leading down.
There is a stone staircase leading down here.
Found 16 gold pieces and a leather armour.
You see here a scroll of identify.
As you read the scroll of identify, it crumbles to dust.
k - a scroll of teleportation You see here 16 gold pieces.
You now have 93 gold pieces (gained 16).
Your magical contamination has completely faded away.
Found a club.
Things that are here:
a leather armour; a ration
d - 3 rations (gained 1)
There is a stone staircase leading down here.
You climb downwards.
A leopard gecko, a bat, a worm, a hobgoblin and a kobold come into view.
The hobgoblin shouts!
The leopard gecko hisses angrily.
You hear a shout!
Found a robe.
A goblin comes into view.
There is a stone staircase leading up here.
Casting: Sticks to Snakes
Confirm with . or Enter, or press ? or * to list all spells.
You miscast Spider Form.
You are very lightly contaminated with residual magic.
Nothing appears to happen.
The kobold shouts!
The bat closely misses you.
Casting: Spider Form
Confirm with . or Enter, or press ? or * to list all spells.
You turn into a venomous arachnid creature.
Your +2 hat melds into your body.
Your +0 robe melds into your body.
The bat completely misses you.
The leopard gecko hisses menacingly.
The hobgoblin hits you with a club.
* * * LOW HITPOINT WARNING * * *
The leopard gecko completely misses you.
The hobgoblin misses you. The kobold completely misses you.
The worm closely misses you. The bat completely misses you.
The leopard gecko barely misses you.
You climb upwards.
There is a stone staircase leading down here.
You closely miss the kobold. The hobgoblin closely misses you.
The kobold hits you with a dagger.
You die...

#...[.# #.###.# #.#.#
#.# #.#######.#.# #.#
#............ #.#
#...........# #.#
#....####...# #.#
##.#.# #.#
##l####.#.######.## #
#wgsK.....#.......##
#.#.######.....####..#
#............### ##..
###.###..#..### #####.
#..# ##...##≈§_#...#.
#.## #..##§≈.. #....
#. #..#≈§§§.####.. #.
#..'...§_8# ##. #.
##.#≈≈§§.####).


You could see a worm, a leopard gecko, a hobgoblin and a kobold.

Vanquished Creatures
  An orc priest (D:2)
  An adder (D:2)
  A giant cockroach (D:2)
  4 goblins
  A hobgoblin (D:2)
  2 kobolds
  A quokka (D:2)
  A bat (D:1)
  A frilled lizard (D:1)
  3 rats (D:2)
16 creatures vanquished.

Vanquished Creatures (collateral kills)
  An orc (D:2)
1 creature vanquished.

Grand Total: 17 creatures vanquished

Notes
Turn   | Place    | Note
-------+----------+-------------------------------------------
     0 | D:1      | tidbits the Gnoll Transmuter began the quest for the Orb.
     0 | D:1      | Reached XP level 1. HP: 17/17 MP: 6/6
   128 | D:2      | Reached XP level 2. HP: 23/23 MP: 7/7
   132 | D:2      | Learned a level 2 spell: Sticks to Snakes
   185 | D:2      | Found a basalt altar of Yredelemnul.
   315 | D:2      | Reached skill level 5 in Spellcasting
   315 | D:2      | Reached skill level 1 in Invocations
   315 | D:2      | Reached XP level 3. HP: 17/28 MP: 5/9
   316 | D:2      | HP: 2/28 [orc/whip of electrocution (9)]
   324 | D:2      | Learned a level 3 spell: Spider Form
   379 | D:2      | Found an iron altar of Okawaru.
   379 | D:2      | Found a bloodstained altar of Trog.
   380 | D:2      | Found a white marble altar of Elyvilon.
   394 | D:2      | Reached skill level 1 in Short Blades
   394 | D:2      | Reached skill level 1 in Long Blades
   394 | D:2      | Reached skill level 1 in Axes
   394 | D:2      | Reached skill level 1 in Maces & Flails
   394 | D:2      | Reached skill level 1 in Polearms
   394 | D:2      | Reached skill level 1 in Staves
   394 | D:2      | Reached skill level 1 in Slings
   394 | D:2      | Reached skill level 1 in Bows
   394 | D:2      | Reached skill level 1 in Crossbows
   394 | D:2      | Reached skill level 1 in Throwing
   394 | D:2      | Reached skill level 1 in Armour
   394 | D:2      | Reached skill level 1 in Stealth
   394 | D:2      | Reached skill level 1 in Shields
   394 | D:2      | Reached skill level 1 in Evocations
   432 | D:2      | Slain by a kobold

Skill      XL: |  1  2  3 |
---------------+----------+-----
Spellcasting   | 5 |  5.0
Invocations    | 1 |  1.0
Short Blades   | 1 |  1.0
Long Blades    | 1 |  1.0
Axes           | 1 |  1.0
Maces & Flails | 1 |  1.0
Polearms       | 1 |  1.0
Staves         | 1 |  1.0
Slings         | 1 |  1.0
Bows           | 1 |  1.0
Crossbows      | 1 |  1.0
Throwing       | 1 |  1.0
Armour         | 1 |  1.0
Stealth        | 1 |  1.0
Shields        | 1 |  1.0
Evocations     | 1 |  1.0
Fighting       | |  2.6
Dodging        | |  4.6
Unarmed Combat | |  6.5
Conjurations   | |  0.7
Hexes          | |  0.7
Charms         | |  0.7
Summonings     | |  0.7
Necromancy     | |  0.7
Translocations | |  0.7
Transmutations | |  3.8
Fire Magic     | |  0.7
Ice Magic      | |  0.7
Air Magic      | |  0.7
Earth Magic    | |  0.7
Poison Magic   | |  0.7

Action                   || total
-------------------------++-------
Melee: Unarmed           ||    38
       Kick              ||     4
       Headbutt          ||     2
       Bite              ||     2
 Cast: Beastly Appendage ||     7
       Sticks to Snakes  ||     2
       Spider Form       ||     3
  Use: Scroll            ||     4
 Stab: Sleeping          ||     4
       Distracted        ||     1
Armor: Robe              ||     3
Dodge: Dodged            ||    29

Table legend:
 A = Turns spent in this place as a percentage of turns spent in the entire game.
 B = Non-inter-level travel turns spent in this place as a percentage of non-inter-level travel turns spent in the entire game.
 C = Inter-level travel turns spent in this place as a percentage of turns spent in this place.
 D = Turns resting spent in this place as a percentage of non-inter-level travel turns spent in this place.
 E = Turns spent auto-exploring this place as a percentage of non-inter-level travel turns spent in this place.
 F = Non-inter-level travel turns spent in this place divided by the number of levels of this place that you've seen.
                   A       B       C       D       E      F
               +-------+-------+-------+-------+-------+----------------------
         Total | 100.0 | 100.0 |   0.0 |   0.0 |   0.0 | 144.0
       Dungeon | 100.0 | 100.0 |   0.0 |   0.0 |   0.0 | 144.0
               +-------+-------+-------+-------+-------+----------------------

Table legend:
 A = Kills in this place as a percentage of kills in entire the game.
 B = Kills by you in this place as a percentage of kills by you in the entire game.
 C = Kills by friends in this place as a percentage of kills by friends in the entire game.
 D = Other kills in this place as a percentage of other kills in the entire game.
 E = Experience gained in this place as a percentage of experience gained in the entire game.
 F = Experience gained in this place divided by the number of levels of this place that you have seen.
                   A       B       C       D       E      F
               +-------+-------+-------+-------+-------+----------------------
         Total | 100.0 | 100.0 | 100.0 |   N/A | 100.0 |  25.7
       Dungeon | 100.0 | 100.0 | 100.0 |   N/A | 100.0 |  25.7
               +-------+-------+-------+-------+-------+----------------------

Vault maps used:
D:1:      dpeg_arrival_simpleton_c, dk_noncrumbling_4, corexii_corridor_pit
D:2:      gammafunk_temple_overflow_claw, yredelemnul_altar_generic
D:3:      grunt_temple_overflow_growth_and_decay, grunt_qazlal_sundering,
          nicolae_overflow_hidden_temple, grunt_decor_resistance
